 Dungeon Crawl Stone Soup version 0.31-a0-889-g1a8549509d (webtiles) character file.

Game seed: 16994349077162067135

134 Kuronicle the Changeling (level 4, -2/36 HPs)
             Began as a Demigod Shapeshifter on Oct 16, 2023.
             Slain by a gnoll
             ... wielding a +0 halberd
             ... led by a gnoll bouda
              (3 damage)
             ... on level 3 of the Dungeon.
             The game lasted 00:03:58 (1875 turns).

Kuronicle the Changeling (Demigod Shapeshifter)     Turns: 1875, Time: 00:03:59

Health: -2/36      AC:  6    Str: 19    XL:     4   Next: 64%
Magic:  6/6        EV: 10    Int: 12    God:
Gold:   156        SH:  0    Dex: 13    Spells: 3/3 levels left

rFire   . .          .
                       - Unarmed
rCold   . . .        (no shield)
rNeg    . . .        f - +0 scale mail
rPois   .            (helmet currently unavailable)
rElec   .            (cloak currently unavailable)
rCorr   .            e - melded +0 pair of gloves
SInv    .            (boots currently unavailable)
Will    .....        (no amulet) Stlth
                     (no ring)
HPRegen 0.26/turn    (no ring)
MPRegen 0.10/turn

%: no passive effects
@: beast-form
A: beast (slay +1), high MP 1, forlorn, divine attributes
a: Begin Untransformation


You were on level 3 of the Dungeon.
You were a hulking beast.
You visited 1 branch of the dungeon, and saw 3 of its levels.

You collected 156 gold pieces.

Inventory:

Armour
 e - a +0 pair of gloves (melded)
 f - a +0 scale mail (worn)
Talismans
 c - a beast talisman (active)
 d - a flux talisman
Scrolls
 h - a scroll of teleportation
 j - a scroll of amnesia {unknown}
 k - a scroll of acquirement {unknown}
 l - a scroll of butterflies {unknown}
 m - a scroll of enchant armour {unknown}
 n - a scroll of identify
Potions
 a - a potion of attraction {unknown}
 b - a potion of lignification
 g - 2 potions of curing
 i - a potion of enlightenment {unknown}


   Skills:
 * Level 2.1 Fighting
 + Level 1.5 Armour
 + Level 2.0 Dodging
 + Level 0.5 Stealth
 + Level 3.3 Unarmed Combat
 * Level 3.4 Shapeshifting


You had 3 spell levels left.
You didn't know any spells.
Your spell library contained the following spells:

 Spells                   Type           Power      Damage    Failure   Level
 Freeze                   Ice            0%         1d3       71%         1
 Lesser Beckoning         Tloc           0%         N/A       83%         2
 Frozen Ramparts          Ice            0%         1d1       97%         3
 Gell's Gravitas          Tloc           0%         N/A       97%         3
 Hailstorm                Conj/Ice       0%         3d3       97%         3
 Teleport Other           Tloc           0%         N/A       97%         3


Dungeon Overview and Level Annotations

Branches:
Dungeon (3/15)


Innate Abilities, Weirdness & Mutations

You are a hulking beast.
Your limbs bulge with bestial killing power. (Slay +1)
You have an increased reservoir of magic. (+10% MP)
You shall have no god before yourself.
Your divine heritage dramatically boosts your attributes as you level up.


Message History

A gnoll bouda comes into view. It is wielding a +0 whip.
The gnoll shouts!
A gnoll comes into view. It is wielding a +0 club.
The gnoll shouts!
You hear a shout! x2
The gnoll barely misses you.
The gnoll bouda barks out a call to the hunt!
The gnolls pick up the pace!
You punch the gnoll!
The gnoll is severely wounded.
The gnoll hits you with a +0 whip. The gnoll misses you.
You hit the gnoll.
The gnoll is almost dead.
The gnoll hits you with a +0 whip.
You hit the gnoll.
You kill the gnoll!
The gnoll hits you from afar with a +0 halberd!
You hit the gnoll bouda.
The gnoll bouda is moderately wounded.
The gnoll closely misses you.
You hit the gnoll bouda.
The gnoll bouda is heavily wounded.
The gnoll misses you. The gnoll hits you with a +0 club.
The gnoll bouda barely misses you.
You barely miss the gnoll bouda.
The gnoll bouda is heavily wounded.
The gnoll barely misses you. x2
The gnoll bouda hits you with a +0 whip!
* * * LOW HITPOINT WARNING * * *
You are too injured to fight recklessly!
You feel better. The gnoll closely misses you. x2
The gnoll bouda hits you but does no damage.
The gnoll attacks as it pursues you! The gnoll hits you with a +0 club.
The gnoll hits you from afar with a +0 halberd!
* * * LOW HITPOINT WARNING * * *
The gnoll barely misses you.
The gnoll bouda hits you with a +0 whip.
* * * LOW HITPOINT WARNING * * *
The gnoll attacks as it pursues you!
The gnoll hits you from afar with a +0 halberd.
You die...

######### ###### .......!#
#....# .......+ #....#
......#########....##
#..........#......#
#..........'......+
#g.h.......#......#
......)gg.#########....##
..........+ #....#
..........# #....#
####################''####
≈≈≈≈≈≈≈≈≈≈≈≈~~.....~≈
≈≈≈~≈~≈≈≈≈≈≈~~....~~≈
≈~~~~~≈~~~~~~)....~~~
..~~...~~~~~(~....~~~


You could see a gnoll bouda and 2 gnolls.

Vanquished Creatures
  4 gnolls (D:3)
  3 adders
  2 worms (D:2)
  2 dart slugs
  3 ball pythons (D:1)
  5 bats
  7 endoplasms
  2 giant cockroaches
  7 goblins
  7 hobgoblins
  2 quokkas (D:2)
  2 frilled lizards
  11 kobolds
  2 rats
59 creatures vanquished.

Notes
Turn   | Place    | Note
-------+----------+-------------------------------------------
     0 | D:1      | Kuronicle the Demigod Shapeshifter began the quest for the
                  | Orb.
     0 | D:1      | Reached XP level 1. HP: 15/15 MP: 3/3
    69 | D:1      | Reached skill level 1 in Fighting
   307 | D:1      | Reached XP level 2. HP: 23/23 MP: 4/4
   590 | D:1      | Reached skill level 1 in Armour
   945 | D:2      | Reached XP level 3. HP: 26/28 MP: 5/5
  1670 | D:3      | Reached XP level 4. HP: 33/36 MP: 6/6
  1875 | D:3      | HP: 1/36 [gnoll bouda/+0 whip (6)]
  1875 | D:3      | Slain by a gnoll

Illustrated notes

Levels and vault maps discovered:
D:1:      nicolae_arrival_washed_ashore, layout_loops_ring, minmay_heptomino_h4
D:2:      layout_rooms, shapermc_ecumenical_altar_mp_highgroup,
          chequers_serial_rivers_marsh
D:3:      minmay_goblin_kobold_castle, layout_loops_cross

Skill      XL: |  1  2  3 |
---------------+----------+-----
Fighting       | 1 2 |  2.1
Armour         | 1 |  1.5
Unarmed Combat | 3 |  3.3
Dodging        | 2 |  2.0
Shapeshifting  | 3 |  3.4
Stealth        | |  0.5

Action                     |  1- 3 |  4- 6 || total
---------------------------+-------+-------++-------
  Melee: Unarmed           |   159 |    35 ||   194
         Punch             |     4 |     2 ||     6
    Use: Scroll            |     2 |       ||     2
         Potion            |       |     1 ||     1
 Armour: Animal skin       |    12 |       ||    12
         Scale mail        |    76 |    24 ||   100
  Dodge: Dodged            |    67 |    27 ||    94
         Form:             |     1 |       ||     1
         Beast             |     1 |       ||     1

Table legend: (Time is in decaauts)
 A = Elapsed time spent in this place.
 B = Non-inter-level travel time spent in this place.
 C = Inter-level travel time spent in this place.
 D = Time resting spent in this place.
 E = Time spent auto-exploring this place.
 F = Levels seen in this place.
 G = Mean time per level.
                   A        B        C        D        E       F      G
               +--------+--------+--------+--------+--------+-----+--------+
         Total |   1867 |   1794 |     73 |     38 |   1353 |   3 |  622.3 |
       Dungeon |   1867 |   1794 |     73 |     38 |   1353 |   3 |  622.3 |
               +--------+--------+--------+--------+--------+-----+--------+

Top non-repeatable levels by time:
     D:1: 838 daAuts
     D:2: 626 daAuts
     D:3: 403 daAuts
